Winnipeg Jets vs Arizona Coyotes
Created - Sunday, November 10, 2024 at 09:40
Goals
|
| Winnipeg Jets |
0 |
1 |
0 |
1 |
| Arizona Coyotes |
0 |
3 |
2 |
5 |
|
Shots
|
| Winnipeg Jets |
1 |
26 |
7 |
34 |
| Arizona Coyotes |
9 |
12 |
10 |
31 |
|
1st period
No Goal
Penalties :
Brayden McNabb (AZC) for Fighting (Major) at 0:21, Alexis Lafreniere (WPG) for Fighting (Major) at 0:21, Ridly Greig (WPG) for Holding (Minor) at 2:17, Brandon Tanev (AZC) for Fighting (Major) at 12:23, Dylan Samberg (WPG) for Fighting (Major) at 12:23, Brandon Tanev (AZC) for instigated a fight (Minor) at 12:23, Brandon Tanev (AZC) for instigated a fight (10 Minutes Misconduct) at 12:23, Jason Zucker (WPG) for Slashing (Minor) at 16:20
2nd period
1. Arizona Coyotes , Tyler Seguin 24 (Jani Hakanpaa 13) at 1:59
2. Winnipeg Jets , Tom Wilson 26 (Olen Zellweger 13, Alexis Lafreniere 31) at 7:17
3. Arizona Coyotes , Ross Colton 13 (Ryan Donato 13, Brayden McNabb 10) at 14:31
4. Arizona Coyotes , Mats Zuccarello 25 (Jared Spurgeon 24, Charlie Coyle 34) at 14:39
Penalties :
Mason McTavish (AZC) for Tripping (Minor) at 10:06
3rd period
5. Arizona Coyotes , Tyler Seguin 25 (Mats Zuccarello 38, Charlie Coyle 35) at 8:03 (PP)
6. Arizona Coyotes , Mats Zuccarello 26 (Charlie Coyle 36) at 19:42 (PP)
Penalties :
Brayden Pachal (WPG) for Roughing (Minor) at 4:17, Tom Wilson (WPG) for Goalie Interference (Minor) at 7:50, Jason Zucker (WPG) for Hooking (Minor) at 12:56, Joel Armia (WPG) for Hooking (Minor) at 16:27, Olli Maatta (WPG) for Hooking (Minor) at 19:32, Brayden McNabb (AZC) for Fighting (Major) at 19:45, Andre Burakovsky (WPG) for Fighting (Major) at 19:45
Goalie Stats
Martin Jones (WPG), 26 saves from 31 shots - (0.839), L, 5-4-1, 60:00 minutes
Petr Mrazek (AZC), 33 saves from 34 shots - (0.971), W, 21-26-6, 60:00 minutes
Players Stats for Winnipeg Jets
Player Name G A P +/- PIM S H SB GA TA FO MP PP MP PK MP
------------------------------------------------------------------------------------
Adam Lowry 0 0 0 -1 0 1 2 0 0 0 2/3 11:41 0:00 0:26
Alexis Lafreniere 0 1 1 0 5 5 2 0 0 0 1/5 20:20 2:01 3:50
Andre Burakovsky 0 0 0 -1 5 3 2 0 0 0 0/1 11:53 0:00 0:00
Barclay Goodrow 0 0 0 -1 0 0 3 0 0 0 0/0 11:53 0:00 0:43
Brayden Pachal 0 0 0 -1 2 1 0 4 0 1 0/0 22:42 1:51 4:28
Connor Bedard 0 0 0 -1 0 7 0 1 0 0 8/15 19:01 1:57 4:40
Connor McDavid 0 0 0 0 0 2 0 1 3 0 20/33 19:51 2:01 4:08
Dylan Samberg 0 0 0 0 5 0 2 5 0 1 0/0 19:07 0:00 5:17
Jason Zucker 0 0 0 -1 4 1 4 1 1 0 0/1 14:34 0:00 1:34
Joel Armia 0 0 0 0 2 2 1 0 1 0 0/0 10:19 1:57 0:00
Mason Appleton 0 0 0 -1 0 0 2 0 0 1 0/0 12:33 1:57 0:00
Michael Kesselring 0 0 0 1 0 0 0 1 0 0 0/0 6:13 0:00 0:00
Olen Zellweger 0 1 1 0 0 3 0 0 0 1 0/0 19:47 2:07 4:13
Oliver Ekman-Larsson 0 0 0 -2 0 0 0 0 0 1 0/0 28:19 2:07 5:38
Olli Maatta 0 0 0 -2 2 0 2 0 0 2 0/0 22:14 1:51 0:38
Ridly Greig 0 0 0 0 2 1 1 1 0 0 0/2 8:57 0:00 0:00
Sam Steel 0 0 0 0 0 2 0 1 0 0 1/2 10:04 0:00 1:28
Tom Wilson 1 0 1 0 2 6 2 1 1 0 0/3 20:07 2:01 4:12
Players Stats for Arizona Coyotes
Player Name G A P +/- PIM S H SB GA TA FO MP PP MP PK MP
------------------------------------------------------------------------------------
Brandon Tanev 0 0 0 1 17 2 0 0 0 0 0/2 12:02 3:25 0:00
Brayden McNabb 0 1 1 1 10 2 0 4 0 0 0/0 20:33 4:25 2:09
Charlie Coyle 0 3 3 1 0 6 0 1 2 0 18/33 19:20 5:09 1:46
Erik Haula 0 0 0 1 0 1 1 0 0 0 4/10 17:30 4:56 0:00
Jakob Silfverberg 0 0 0 -1 0 0 0 0 0 0 0/0 12:58 0:21 1:20
Jani Hakanpaa 0 1 1 2 0 1 2 0 0 1 0/0 22:30 4:55 1:49
Jared Spurgeon 0 1 1 2 0 1 1 0 1 0 0/0 22:44 5:17 1:49
Johnathan Kovacevic 0 0 0 -1 0 0 1 3 0 2 0/0 15:03 0:00 0:00
Mark Jankowski 0 0 0 -1 0 1 1 0 0 0 2/2 8:51 0:00 0:00
Mason McTavish 0 0 0 1 2 4 3 0 0 1 2/3 19:28 5:08 0:57
Mats Zuccarello 2 1 3 1 0 2 3 0 1 0 0/4 19:54 5:10 2:12
Matt Dumba 0 0 0 -1 0 1 1 0 0 1 0/0 16:30 0:36 0:00
Ondrej Palat 0 0 0 -1 0 0 1 0 1 0 0/0 8:51 0:00 0:00
Radko Gudas 0 0 0 1 0 1 3 2 0 0 0/0 22:38 5:23 2:09
Ross Colton 1 0 1 1 0 4 3 0 0 0 4/6 13:18 1:15 0:00
Ryan Donato 0 1 1 1 0 1 0 0 2 1 0/0 12:12 0:20 0:00
Tyler Seguin 2 0 2 1 0 4 2 1 0 0 1/2 19:10 5:10 1:41
Zach Parise 0 0 0 1 0 0 1 1 0 0 2/3 12:26 0:00 0:00
3 Stars
1 - Mats Zuccarello (AZC)
2 - Tyler Seguin (AZC)
3 - Petr Mrazek (AZC)
Power Play
Winnipeg Jets - 0 on 2 Attempt(s) - 0.00%
Arizona Coyotes - 2 on 7 Attempt(s) - 28.57%
Penalty Kill
Winnipeg Jets - 5 on 7 Attempt(s) - 71.43%
- Score 0 goal in Penalty Kill
Arizona Coyotes - 2 on 2 Attempt(s) - 100.00%
- Score 0 goal in Penalty Kill
Team Stat
Winnipeg Jets - Hits : 23 - Faceoff Wins : 32 - Blocked Shots : 16 - Penalty Minutes : 29
Arizona Coyotes - Hits : 23 - Faceoff Wins : 33 - Blocked Shots : 12 - Penalty Minutes : 29
Official
Referees : Dan O'Rourke and Francois St Laurent
Linesman : Ryan Jackson and David Brisebois
Game Notes
Alexis Lafreniere beats up Brayden McNabb at 0:21 of 1st period
Brandon Tanev and Dylan Samberg fight to a draw at 12:23 of 1st period
Michael Kesselring is injured at 8:50 of 2nd period (Left Foot)
Brayden McNabb and Andre Burakovsky fight to a draw at 19:45 of 3rd period
Finance
Level 1 -- Attendance: 5903 (98.38%) -- Ticket Income $543,076
Level 2 -- Attendance: 5000 (100.00%) -- Ticket Income $250,000
Level 3 -- Attendance: 2861 (95.37%) -- Ticket Income $80,108
Level 4 -- Attendance: 5000 (100.00%) -- Ticket Income $90,000
Luxury Box -- Attendance: 858 (85.80%) -- Ticket Income $163,020
Game was played at the Gila River Arena.
Total Attendance: 19622 (98.11%)
Total Ticket Income: $1,126,204
Other Income: $394,171
Total Income: $1,520,375
Winnipeg Jets
5 vs 5 Forward
Center Left Wing Right Wing Time % Phy DF OF
1 Connor McDavid Alexis Lafreniere Tom Wilson 30 1 2 2
2 Connor Bedard Andre Burakovsky Jason Zucker 30 1 2 2
3 Adam Lowry Barclay Goodrow Mason Appleton 25 1 2 2
4 Ridly Greig Sam Steel Joel Armia 15 1 2 2
5 vs 5 Defense
Defense Defense Time % Phy DF OF
1 Oliver Ekman-Larsson Olli Maatta 30 1 2 2
2 Dylan Samberg Brayden Pachal 30 1 2 2
3 Michael Kesselring Olen Zellweger 25 1 2 2
4 Oliver Ekman-Larsson Olli Maatta 15 1 2 2
PowerPlay Forward
Center Left Wing Right Wing Time % Phy DF OF
1 Connor McDavid Alexis Lafreniere Tom Wilson 50 1 2 2
2 Connor Bedard Joel Armia Mason Appleton 50 1 2 2
PowerPlay Defense
Defense Defense Time % Phy DF OF
1 Oliver Ekman-Larsson Olen Zellweger 50 1 2 2
2 Brayden Pachal Olli Maatta 50 1 2 2
Penalty Kill 4 Players Forward
Center Wing Time % Phy DF OF
1 Connor McDavid Connor Bedard 50 1 2 2
2 Alexis Lafreniere Tom Wilson 50 1 2 2
Penalty Kill 4 Players Defense
Defense Defense Time % Phy DF OF
1 Olen Zellweger Oliver Ekman-Larsson 50 1 2 2
2 Dylan Samberg Brayden Pachal 50 1 2 2
Penalty Kill - 3 Players Forward
Forward Time % Phy DF OF
1 Connor McDavid 50 1 2 2
2 Connor Bedard 50 1 2 2
Penalty Kill - 3 Players Defense
Defense Defense Time % Phy DF OF
1 Olen Zellweger Dylan Samberg 50 1 2 2
2 Olli Maatta Oliver Ekman-Larsson 50 1 2 2
4 vs 4 Forward
Center Wing Time % Phy DF OF
1 Connor McDavid Connor Bedard 50 1 2 2
2 Alexis Lafreniere Tom Wilson 50 1 2 2
4 vs 4 Defense
Defense Defense Time % Phy DF OF
1 Olen Zellweger Olli Maatta 50 1 2 2
2 Oliver Ekman-Larsson Dylan Samberg 50 1 2 2
Last Minutes Offensive
Center Left Wing Right Wing Defense Defense
Connor McDavid Alexis Lafreniere Tom Wilson Oliver Ekman-Larsson Olen Zellweger
Last Minutes Defensive
Center Left Wing Right Wing Defense Defense
Connor McDavid Alexis Lafreniere Tom Wilson Oliver Ekman-Larsson Olli Maatta
Goaltenders
Starting : Martin Jones
Backup : Ukko-Pekka Luukkonen
Extra Forwards
Normal : Ridly Greig, Adam Lowry, Jason Zucker - PP : Ridly Greig, Adam Lowry - PK : Jason Zucker
Extra Defensemen
Normal : Brayden Pachal, Olen Zellweger, Dylan Samberg - PP : Brayden Pachal - PK : Olen Zellweger, Dylan Samberg
Penalty Shots
Connor McDavid, Connor Bedard, Alexis Lafreniere, Tom Wilson, Adam Lowry
Scratches
Cam Atkinson (Healthy), Oliver Kylington (Healthy), Nate Schmidt (Healthy)
Arizona Coyotes
5 vs 5 Forward
Center Left Wing Right Wing Time % Phy DF OF
1 Charlie Coyle Mason McTavish Mats Zuccarello 30 1 2 2
2 Erik Haula Zach Parise Tyler Seguin 30 1 2 2
3 Ross Colton Brandon Tanev Ryan Donato 25 1 2 2
4 Mark Jankowski Jakob Silfverberg Ondrej Palat 15 1 2 2
5 vs 5 Defense
Defense Defense Time % Phy DF OF
1 Jared Spurgeon Jani Hakanpaa 35 1 2 2
2 Radko Gudas Brayden McNabb 35 1 2 2
3 Matt Dumba Johnathan Kovacevic 30 1 2 2
4 Jared Spurgeon Jani Hakanpaa 0 1 2 2
PowerPlay Forward
Center Left Wing Right Wing Time % Phy DF OF
1 Charlie Coyle Mats Zuccarello Tyler Seguin 50 1 2 2
2 Mason McTavish Erik Haula Brandon Tanev 50 1 2 2
PowerPlay Defense
Defense Defense Time % Phy DF OF
1 Jared Spurgeon Jani Hakanpaa 50 1 2 2
2 Radko Gudas Brayden McNabb 50 1 2 2
Penalty Kill 4 Players Forward
Center Wing Time % Phy DF OF
1 Charlie Coyle Tyler Seguin 50 1 2 2
2 Mats Zuccarello Mason McTavish 50 1 2 2
Penalty Kill 4 Players Defense
Defense Defense Time % Phy DF OF
1 Jared Spurgeon Jani Hakanpaa 50 1 2 2
2 Radko Gudas Brayden McNabb 50 1 2 2
Penalty Kill - 3 Players Forward
Forward Time % Phy DF OF
1 Charlie Coyle 50 1 2 2
2 Tyler Seguin 50 1 2 2
Penalty Kill - 3 Players Defense
Defense Defense Time % Phy DF OF
1 Jared Spurgeon Jani Hakanpaa 50 1 2 2
2 Radko Gudas Brayden McNabb 50 1 2 2
4 vs 4 Forward
Center Wing Time % Phy DF OF
1 Charlie Coyle Tyler Seguin 50 1 2 2
2 Mats Zuccarello Mason McTavish 50 1 2 2
4 vs 4 Defense
Defense Defense Time % Phy DF OF
1 Jared Spurgeon Jani Hakanpaa 50 1 2 2
2 Radko Gudas Brayden McNabb 50 1 2 2
Last Minutes Offensive
Center Left Wing Right Wing Defense Defense
Charlie Coyle Mats Zuccarello Tyler Seguin Jared Spurgeon Jani Hakanpaa
Last Minutes Defensive
Center Left Wing Right Wing Defense Defense
Charlie Coyle Mats Zuccarello Tyler Seguin Jared Spurgeon Jani Hakanpaa
Goaltenders
Starting : Petr Mrazek
Backup : Carter Hart
Extra Forwards
Normal : Ross Colton, Ryan Donato, Jakob Silfverberg - PP : Ross Colton, Ryan Donato - PK : Jakob Silfverberg
Extra Defensemen
Normal : Matt Dumba, Johnathan Kovacevic, Radko Gudas - PP : Matt Dumba - PK : Johnathan Kovacevic, Radko Gudas
Penalty Shots
Charlie Coyle, Tyler Seguin, Mats Zuccarello, Mason McTavish, Erik Haula
Scratches
Jayden Struble (Healthy), Anthony Deangelo (Healthy), Scott Reedy (Healthy), Elvis Merzlikins (Healthy)
% Time on Ice - Winnipeg Jets
Lines # - Real PCT - Wanted PCT - Time Play
Normal Forward
1 - 31% - 30% - 14:13
2 - 28% - 30% - 12:54
3 - 23% - 25% - 10:44
4 - 17% - 15% - 7:53
Normal Defense
1 - 31% - 30% - 13:58
2 - 32% - 30% - 14:31
3 - 26% - 25% - 11:58
4 - 12% - 15% - 5:17
PP Forward
1 - 51% - 50% - 2:01
2 - 49% - 50% - 1:57
PP Defense
1 - 53% - 50% - 2:07
2 - 47% - 50% - 1:51
PK Forward
1 - 51% - 50% - 5:14
2 - 49% - 50% - 5:04
PK Defense
1 - 33% - 50% - 3:21
2 - 67% - 50% - 6:57
PK3 Forward
1 - 0% - 50%
2 - 0% - 50%
PK3 Defense
1 - 0% - 50%
2 - 0% - 50%
44 Forward
1 - 0% - 50%
2 - 0% - 50%
44 Defense
1 - 0% - 50%
2 - 0% - 50%
Last Minute Offensive - 0:00
Last Minute Defensive - 0:00
Total
Forward - 60:00
Defense - 60:00
|
% Time on Ice - Arizona Coyotes
Lines # - Real PCT - Wanted PCT - Time Play
Normal Forward
1 - 27% - 30% - 12:21
2 - 28% - 30% - 12:41
3 - 26% - 25% - 11:51
4 - 19% - 15% - 8:51
Normal Defense
1 - 34% - 35% - 15:41
2 - 34% - 35% - 15:34
3 - 32% - 30% - 14:29
4 - 0% - 0% - 0:00
PP Forward
1 - 52% - 50% - 5:22
2 - 48% - 50% - 4:56
PP Defense
1 - 48% - 50% - 4:55
2 - 52% - 50% - 5:23
PK Forward
1 - 45% - 50% - 1:46
2 - 55% - 50% - 2:12
PK Defense
1 - 46% - 50% - 1:49
2 - 54% - 50% - 2:09
PK3 Forward
1 - 0% - 50%
2 - 0% - 50%
PK3 Defense
1 - 0% - 50%
2 - 0% - 50%
44 Forward
1 - 0% - 50%
2 - 0% - 50%
44 Defense
1 - 0% - 50%
2 - 0% - 50%
Last Minute Offensive - 0:00
Last Minute Defensive - 0:00
Total
Forward - 60:00
Defense - 60:00
|
Play-by-Play
1st period
0:01 of 1st period - Connor McDavid wins face-off versus Charlie Coyle in neutral zone.
0:03 of 1st period - Off-side.
0:04 of 1st period - Charlie Coyle wins face-off versus Connor McDavid in neutral zone.
0:20 of 1st period - Icing by Connor McDavid.
0:21 of 1st period - Zach Parise wins face-off versus Connor McDavid in Winnipeg Jets zone.
0:21 of 1st period - Alexis Lafreniere beats up Brayden McNabb.
0:21 of 1st period - Penalty to Brayden McNabb for Fighting.
0:21 of 1st period - Penalty to Alexis Lafreniere for Fighting.
0:22 of 1st period - Erik Haula wins face-off versus Connor Bedard in Winnipeg Jets zone.
0:47 of 1st period - Brandon Tanev is hit by Barclay Goodrow and loses puck.
1:28 of 1st period - Tom Wilson is hit by Mason McTavish and loses puck.
1:33 of 1st period - Snap shot by Mats Zuccarello.
1:33 of 1st period - Shot Blocked by Tom Wilson.
1:39 of 1st period - Snap shot by Charlie Coyle.
1:39 of 1st period - Stopped by Martin Jones with a rebound.
1:51 of 1st period - Slapshot by Oliver Ekman-Larsson.
1:51 of 1st period - Shot Blocked by Johnathan Kovacevic.
2:17 of 1st period - Minor Penalty to Ridly Greig for Holding.
2:18 of 1st period - Connor McDavid wins face-off versus Charlie Coyle in Winnipeg Jets zone.
2:18 of 1st period - Connor McDavid is hit by Jani Hakanpaa.
2:47 of 1st period - Snap shot by Erik Haula.
2:47 of 1st period - Deflect By Mason McTavish.
2:47 of 1st period - Stopped by Martin Jones with a rebound.
3:37 of 1st period - Oliver Ekman-Larsson is hit by Tyler Seguin and loses puck.
4:17 of 1st period - Penalty to Ridly Greig is over, Ridly Greig is back on ice.
4:37 of 1st period - Sam Steel is hit by Matt Dumba and loses puck.
4:59 of 1st period - Johnathan Kovacevic is hit by Dylan Samberg and loses puck.
6:08 of 1st period - Brayden McNabb is hit by Jason Zucker and loses puck.
6:34 of 1st period - Jani Hakanpaa is hit by Ridly Greig and loses puck.
6:52 of 1st period - Matt Dumba is hit by Andre Burakovsky and loses puck.
7:05 of 1st period - Wrist shot by Adam Lowry.
7:05 of 1st period - Shot Misses the Net.
7:55 of 1st period - Tom Wilson is hit by Erik Haula and loses puck.
8:06 of 1st period - Olli Maatta is hit by Radko Gudas and loses puck.
8:33 of 1st period - Mason McTavish is hit by Barclay Goodrow and loses puck.
8:53 of 1st period - Adam Lowry is hit by Jani Hakanpaa and loses puck.
9:02 of 1st period - Wrist shot by Adam Lowry.
9:02 of 1st period - Shot Misses the Net.
9:50 of 1st period - Dylan Samberg is hit by Ondrej Palat and loses puck.
9:59 of 1st period - Slapshot by Brayden Pachal.
9:59 of 1st period - Shot Misses the Net.
10:13 of 1st period - Wrist shot by Mark Jankowski.
10:13 of 1st period - Shot Misses the Net.
10:47 of 1st period - Mark Jankowski is hit by Mason Appleton and loses puck.
10:52 of 1st period - Slapshot by Adam Lowry.
10:52 of 1st period - Deflect By Mason Appleton.
10:52 of 1st period - Shot Hit the Post.
10:52 of 1st period - Puck is out of play.
10:53 of 1st period - Connor McDavid wins face-off versus Erik Haula in Arizona Coyotes zone.
10:54 of 1st period - Snap shot by Alexis Lafreniere.
10:54 of 1st period - Deflect By Connor McDavid.
10:54 of 1st period - Shot Blocked by Zach Parise.
10:54 of 1st period - Puck is out of play.
10:55 of 1st period - Connor McDavid wins face-off versus Erik Haula in Arizona Coyotes zone.
11:10 of 1st period - Snap shot by Erik Haula.
11:10 of 1st period - Deflect By Tyler Seguin.
11:10 of 1st period - Shot Blocked by Brayden Pachal.
11:10 of 1st period - Puck is out of play.
11:11 of 1st period - Charlie Coyle wins face-off versus Connor Bedard in Winnipeg Jets zone.
11:20 of 1st period - Snap shot by Charlie Coyle.
11:20 of 1st period - Stopped by Martin Jones with a rebound.
11:22 of 1st period - Wrist shot by Mason McTavish.
11:22 of 1st period - Stopped by Martin Jones without a rebound.
11:23 of 1st period - Alexis Lafreniere wins face-off versus Erik Haula in Winnipeg Jets zone.
11:23 of 1st period - Alexis Lafreniere is hit by Tyler Seguin.
11:49 of 1st period - Connor Bedard is hit by Mason McTavish and loses puck.
12:16 of 1st period - Slapshot by Brandon Tanev.
12:16 of 1st period - Stopped by Martin Jones without a rebound.
12:17 of 1st period - Ross Colton wins face-off versus Sam Steel in Winnipeg Jets zone.
12:23 of 1st period - Brandon Tanev and Dylan Samberg fight to a draw.
12:23 of 1st period - Penalty to Brandon Tanev for Fighting.
12:23 of 1st period - Penalty to Dylan Samberg for Fighting.
12:23 of 1st period - Penalty to Brandon Tanev for instigated a fight.
12:23 of 1st period - Penalty to Brandon Tanev for instigated a fight.
12:24 of 1st period - Charlie Coyle wins face-off versus Connor McDavid in neutral zone.
12:27 of 1st period - Tom Wilson is hit by Jared Spurgeon and loses puck.
13:32 of 1st period - Snap shot by Tyler Seguin.
13:32 of 1st period - Shot Blocked by Connor Bedard.
13:45 of 1st period - Olli Maatta is hit by Radko Gudas and loses puck.
14:23 of 1st period - Penalty to Brandon Tanev is over, Ryan Donato is send on ice.
15:08 of 1st period - Snap shot by Joel Armia.
15:08 of 1st period - Shot Misses the Net.
15:34 of 1st period - Mason Appleton is hit by Ross Colton and loses puck.
16:20 of 1st period - Minor Penalty to Jason Zucker for Slashing.
16:21 of 1st period - Connor McDavid wins face-off versus Charlie Coyle in Winnipeg Jets zone.
16:55 of 1st period - Icing by Radko Gudas.
16:56 of 1st period - Mason McTavish wins face-off versus Alexis Lafreniere in Arizona Coyotes zone.
17:17 of 1st period - Snap shot by Ross Colton.
17:17 of 1st period - Shot Misses the Net.
17:19 of 1st period - Slapshot by Radko Gudas.
17:19 of 1st period - Deflect By Tom Wilson.
17:19 of 1st period - Stopped by Martin Jones with a rebound.
17:21 of 1st period - Slapshot by Brayden McNabb.
17:21 of 1st period - Stopped by Martin Jones without a rebound.
17:22 of 1st period - Connor McDavid wins face-off versus Tyler Seguin in Winnipeg Jets zone.
17:22 of 1st period - Connor McDavid is hit by Mats Zuccarello.
17:23 of 1st period - Penalty to Dylan Samberg is over, Dylan Samberg is back on ice.
18:20 of 1st period - Penalty to Jason Zucker is over, Jason Zucker is back on ice.
18:37 of 1st period - Slapshot by Tom Wilson.
18:37 of 1st period - Stopped by Petr Mrazek without a rebound.
18:38 of 1st period - Charlie Coyle wins face-off versus Ridly Greig in Arizona Coyotes zone.
19:13 of 1st period - Snap shot by Connor Bedard.
19:13 of 1st period - Shot Misses the Net.
19:15 of 1st period - Slapshot by Dylan Samberg.
19:15 of 1st period - Deflect By Connor Bedard.
19:15 of 1st period - Shot Misses the Net.
19:15 of 1st period - Puck is out of play.
19:16 of 1st period - Connor McDavid wins face-off versus Zach Parise in Arizona Coyotes zone.
19:43 of 1st period - Jani Hakanpaa is hit by Adam Lowry.
19:47 of 1st period - Snap shot by Charlie Coyle.
19:47 of 1st period - Stopped by Martin Jones with a rebound.
19:49 of 1st period - Slapshot by Matt Dumba.
19:49 of 1st period - Stopped by Martin Jones with a rebound.
Goals for this period are 0 for Winnipeg Jets vs 0 for Arizona Coyotes.
Shots for this period are 1 for Winnipeg Jets vs 9 for Arizona Coyotes.
2nd period
0:01 of 2nd period - Erik Haula wins face-off versus Tom Wilson in neutral zone.
0:06 of 2nd period - Snap shot by Tyler Seguin.
0:06 of 2nd period - Stopped by Martin Jones with a rebound.
0:14 of 2nd period - Snap shot by Tom Wilson.
0:14 of 2nd period - Stopped by Petr Mrazek with a rebound.
0:16 of 2nd period - Slapshot by Tom Wilson.
0:16 of 2nd period - Shot Blocked by Brayden McNabb.
1:14 of 2nd period - Snap shot by Alexis Lafreniere.
1:14 of 2nd period - Stopped by Petr Mrazek without a rebound.
1:15 of 2nd period - Connor McDavid wins face-off versus Erik Haula in Arizona Coyotes zone.
1:22 of 2nd period - Wrist shot by Connor McDavid.
1:22 of 2nd period - Deflect By Alexis Lafreniere.
1:22 of 2nd period - Stopped by Petr Mrazek without a rebound.
1:23 of 2nd period - Connor McDavid wins face-off versus Charlie Coyle in Arizona Coyotes zone.
1:52 of 2nd period - Jani Hakanpaa is hit by Jason Zucker and loses puck.
1:59 of 2nd period - Wrist shot by Tyler Seguin.
1:59 of 2nd period - Goal by Tyler Seguin - Winnipeg Jets : 0 - Arizona Coyotes : 1.
2:00 of 2nd period - Connor McDavid wins face-off versus Charlie Coyle in neutral zone.
2:03 of 2nd period - Charlie Coyle is hit by Dylan Samberg and loses puck.
2:31 of 2nd period - Wrist shot by Andre Burakovsky.
2:31 of 2nd period - Deflect By Tyler Seguin.
2:31 of 2nd period - Shot Blocked by Johnathan Kovacevic.
2:31 of 2nd period - Puck is out of play.
2:32 of 2nd period - Connor Bedard wins face-off versus Erik Haula in Arizona Coyotes zone.
2:39 of 2nd period - Snap shot by Jason Zucker.
2:39 of 2nd period - Shot Misses the Net.
2:41 of 2nd period - Wrist shot by Andre Burakovsky.
2:41 of 2nd period - Stopped by Petr Mrazek with a rebound.
2:43 of 2nd period - Slapshot by Olli Maatta.
2:43 of 2nd period - Shot Blocked by Brayden McNabb.
2:45 of 2nd period - Snap shot by Andre Burakovsky.
2:45 of 2nd period - Shot Blocked by Tyler Seguin.
2:57 of 2nd period - Olli Maatta is hit by Radko Gudas and loses puck.
3:23 of 2nd period - Ryan Donato is hit by Adam Lowry and loses puck.
4:08 of 2nd period - Snap shot by Jared Spurgeon.
4:08 of 2nd period - Shot Blocked by Sam Steel.
4:10 of 2nd period - Snap shot by Tyler Seguin.
4:10 of 2nd period - Shot Misses the Net.
4:12 of 2nd period - Snap shot by Zach Parise.
4:12 of 2nd period - Shot Blocked by Brayden Pachal.
4:14 of 2nd period - Slapshot by Jani Hakanpaa.
4:14 of 2nd period - Shot Blocked by Ridly Greig.
4:57 of 2nd period - Slapshot by Brayden Pachal.
4:57 of 2nd period - Shot Misses the Net.
5:05 of 2nd period - Backhand shot by Erik Haula.
5:05 of 2nd period - Shot Misses the Net.
5:07 of 2nd period - Slapshot by Jared Spurgeon.
5:07 of 2nd period - Deflect By Tyler Seguin.
5:07 of 2nd period - Stopped by Martin Jones without a rebound.
5:08 of 2nd period - Connor McDavid wins face-off versus Charlie Coyle in Winnipeg Jets zone.
5:25 of 2nd period - Slapshot by Connor McDavid.
5:25 of 2nd period - Shot Blocked by Brayden McNabb.
5:35 of 2nd period - Ross Colton is hit by Jason Zucker and loses puck.
5:46 of 2nd period - Snap shot by Ryan Donato.
5:46 of 2nd period - Shot Misses the Net.
5:59 of 2nd period - Slapshot by Andre Burakovsky.
5:59 of 2nd period - Stopped by Petr Mrazek with a rebound.
6:01 of 2nd period - Slapshot by Oliver Ekman-Larsson.
6:01 of 2nd period - Shot Blocked by Brayden McNabb.
6:03 of 2nd period - Slapshot by Connor Bedard.
6:03 of 2nd period - Shot Misses the Net.
6:10 of 2nd period - Icing by Ondrej Palat.
6:11 of 2nd period - Mark Jankowski wins face-off versus Connor McDavid in Arizona Coyotes zone.
6:27 of 2nd period - Snap shot by Alexis Lafreniere.
6:27 of 2nd period - Stopped by Petr Mrazek with a rebound.
6:39 of 2nd period - Wrist shot by Mason McTavish.
6:39 of 2nd period - Stopped by Martin Jones without a rebound.
6:40 of 2nd period - Ross Colton wins face-off versus Adam Lowry in Winnipeg Jets zone.
7:05 of 2nd period - Slapshot by Connor McDavid.
7:05 of 2nd period - Shot Misses the Net.
7:07 of 2nd period - Wrist shot by Connor McDavid.
7:07 of 2nd period - Shot Blocked by Johnathan Kovacevic.
7:13 of 2nd period - Snap shot by Alexis Lafreniere.
7:13 of 2nd period - Stopped by Petr Mrazek with a rebound.
7:15 of 2nd period - Slapshot by Olen Zellweger.
7:15 of 2nd period - Shot Misses the Net.
7:17 of 2nd period - Slapshot by Tom Wilson.
7:17 of 2nd period - Goal by Tom Wilson - Winnipeg Jets : 1 - Arizona Coyotes : 1.
7:18 of 2nd period - Charlie Coyle wins face-off versus Connor McDavid in neutral zone.
7:23 of 2nd period - 10 Minutes Misconduct Penalty to Brandon Tanev is over.
7:33 of 2nd period - Wrist shot by Connor McDavid.
7:33 of 2nd period - Deflect By Tom Wilson.
7:33 of 2nd period - Shot Misses the Net.
7:33 of 2nd period - Puck is out of play.
7:34 of 2nd period - Erik Haula wins face-off versus Connor Bedard in Arizona Coyotes zone.
7:50 of 2nd period - Wrist shot by Connor Bedard.
7:50 of 2nd period - Stopped by Petr Mrazek without a rebound.
7:51 of 2nd period - Connor McDavid wins face-off versus Charlie Coyle in Arizona Coyotes zone.
8:25 of 2nd period - Snap shot by Ryan Donato.
8:25 of 2nd period - Shot Misses the Net.
8:37 of 2nd period - Snap shot by Mason Appleton.
8:37 of 2nd period - Shot Misses the Net.
8:39 of 2nd period - Wrist shot by Olen Zellweger.
8:39 of 2nd period - Stopped by Petr Mrazek with a rebound.
8:41 of 2nd period - Wrist shot by Adam Lowry.
8:41 of 2nd period - Stopped by Petr Mrazek without a rebound.
8:42 of 2nd period - Tyler Seguin wins face-off versus Tom Wilson in Arizona Coyotes zone.
8:42 of 2nd period - Tyler Seguin is hit by Tom Wilson.
8:50 of 2nd period - Slapshot by Jared Spurgeon.
8:50 of 2nd period - Shot Blocked by Michael Kesselring.
8:50 of 2nd period - Michael Kesselring from Winnipeg Jets is injured at 8:50 of 2nd period (Left Foot).
8:51 of 2nd period - Connor McDavid wins face-off versus Charlie Coyle in Winnipeg Jets zone.
10:01 of 2nd period - Slapshot by Ridly Greig.
10:01 of 2nd period - Shot Misses the Net.
10:03 of 2nd period - Wrist shot by Sam Steel.
10:03 of 2nd period - Stopped by Petr Mrazek without a rebound.
10:04 of 2nd period - Charlie Coyle wins face-off versus Ridly Greig in Arizona Coyotes zone.
10:06 of 2nd period - Minor Penalty to Mason McTavish for Tripping.
10:07 of 2nd period - Connor Bedard wins face-off versus Mats Zuccarello in Arizona Coyotes zone.
10:13 of 2nd period - Snap shot by Brayden McNabb.
10:13 of 2nd period - Deflect By Connor Bedard.
10:13 of 2nd period - Stopped by Martin Jones without a rebound.
10:14 of 2nd period - Connor Bedard wins face-off versus Mats Zuccarello in Winnipeg Jets zone.
10:25 of 2nd period - Snap shot by Connor Bedard.
10:25 of 2nd period - Shot Misses the Net.
10:27 of 2nd period - Wrist shot by Mason Appleton.
10:27 of 2nd period - Deflect By Radko Gudas.
10:27 of 2nd period - Shot Blocked by Radko Gudas.
10:27 of 2nd period - Puck is out of play.
10:28 of 2nd period - Charlie Coyle wins face-off versus Connor McDavid in Arizona Coyotes zone.
10:33 of 2nd period - Slapshot by Jared Spurgeon.
10:33 of 2nd period - Stopped by Martin Jones with a rebound.
11:01 of 2nd period - Snap shot by Joel Armia.
11:01 of 2nd period - Stopped by Petr Mrazek without a rebound.
11:02 of 2nd period - Connor Bedard wins face-off versus Mats Zuccarello in Arizona Coyotes zone.
11:11 of 2nd period - Snap shot by Connor Bedard.
11:11 of 2nd period - Shot Misses the Net.
11:13 of 2nd period - Slapshot by Connor Bedard.
11:13 of 2nd period - Deflect By Jakob Silfverberg.
11:13 of 2nd period - Stopped by Petr Mrazek without a rebound.
11:14 of 2nd period - Connor McDavid wins face-off versus Charlie Coyle in Arizona Coyotes zone.
11:48 of 2nd period - Snap shot by Connor Bedard.
11:48 of 2nd period - Stopped by Petr Mrazek with a rebound.
11:50 of 2nd period - Snap shot by Olen Zellweger.
11:50 of 2nd period - Stopped by Petr Mrazek without a rebound.
11:51 of 2nd period - Connor McDavid wins face-off versus Mats Zuccarello in Arizona Coyotes zone.
11:58 of 2nd period - Wrist shot by Tom Wilson.
11:58 of 2nd period - Stopped by Petr Mrazek with a rebound.
12:00 of 2nd period - Snap shot by Tom Wilson.
12:00 of 2nd period - Stopped by Petr Mrazek with a rebound.
12:02 of 2nd period - Snap shot by Alexis Lafreniere.
12:02 of 2nd period - Shot Misses the Net.
12:06 of 2nd period - Penalty to Mason McTavish is over, Mason McTavish is back on ice.
12:25 of 2nd period - Wrist shot by Connor Bedard.
12:25 of 2nd period - Shot Misses the Net.
13:10 of 2nd period - Off-side.
13:11 of 2nd period - Connor McDavid wins face-off versus Brandon Tanev in neutral zone.
13:18 of 2nd period - Slapshot by Johnathan Kovacevic.
13:18 of 2nd period - Shot Blocked by Connor McDavid.
13:20 of 2nd period - Wrist shot by Ross Colton.
13:20 of 2nd period - Stopped by Martin Jones with a rebound.
13:22 of 2nd period - Slapshot by Johnathan Kovacevic.
13:22 of 2nd period - Shot Blocked by Brayden Pachal.
13:24 of 2nd period - Snap shot by Brandon Tanev.
13:24 of 2nd period - Shot Misses the Net.
13:36 of 2nd period - Wrist shot by Mason McTavish.
13:36 of 2nd period - Shot Misses the Net.
13:38 of 2nd period - Slapshot by Jani Hakanpaa.
13:38 of 2nd period - Shot Misses the Net.
13:40 of 2nd period - Slapshot by Jared Spurgeon.
13:40 of 2nd period - Shot Blocked by Dylan Samberg.
13:42 of 2nd period - Slapshot by Jani Hakanpaa.
13:42 of 2nd period - Stopped by Martin Jones without a rebound.
13:43 of 2nd period - Charlie Coyle wins face-off versus Andre Burakovsky in Winnipeg Jets zone.
14:00 of 2nd period - Wrist shot by Charlie Coyle.
14:00 of 2nd period - Shot Misses the Net.
14:31 of 2nd period - Snap shot by Ross Colton.
14:31 of 2nd period - Goal by Ross Colton - Winnipeg Jets : 1 - Arizona Coyotes : 2.
14:32 of 2nd period - Charlie Coyle wins face-off versus Connor McDavid in neutral zone.
14:39 of 2nd period - Wrist shot by Mats Zuccarello.
14:39 of 2nd period - Goal by Mats Zuccarello - Winnipeg Jets : 1 - Arizona Coyotes : 3.
14:40 of 2nd period - Charlie Coyle wins face-off versus Connor McDavid in neutral zone.
14:45 of 2nd period - Slapshot by Mason McTavish.
14:45 of 2nd period - Stopped by Martin Jones with a rebound.
15:13 of 2nd period - Snap shot by Connor Bedard.
15:13 of 2nd period - Stopped by Petr Mrazek with a rebound.
15:48 of 2nd period - Slapshot by Ondrej Palat.
15:48 of 2nd period - Shot Blocked by Dylan Samberg.
16:28 of 2nd period - Oliver Ekman-Larsson is hit by Zach Parise and loses puck.
17:08 of 2nd period - Jared Spurgeon is hit by Joel Armia.
17:44 of 2nd period - Wrist shot by Sam Steel.
17:44 of 2nd period - Stopped by Petr Mrazek with a rebound.
17:46 of 2nd period - Snap shot by Ridly Greig.
17:46 of 2nd period - Stopped by Petr Mrazek without a rebound.
17:47 of 2nd period - Connor McDavid wins face-off versus Erik Haula in Arizona Coyotes zone.
17:56 of 2nd period - Snap shot by Connor McDavid.
17:56 of 2nd period - Stopped by Petr Mrazek without a rebound.
17:57 of 2nd period - Erik Haula wins face-off versus Connor McDavid in Arizona Coyotes zone.
18:12 of 2nd period - Snap shot by Tyler Seguin.
18:12 of 2nd period - Shot Misses the Net.
18:28 of 2nd period - Slapshot by Tom Wilson.
18:28 of 2nd period - Stopped by Petr Mrazek without a rebound.
18:29 of 2nd period - Connor Bedard wins face-off versus Charlie Coyle in Arizona Coyotes zone.
18:38 of 2nd period - Wrist shot by Connor Bedard.
18:38 of 2nd period - Stopped by Petr Mrazek with a rebound.
18:56 of 2nd period - Mason Appleton is hit by Ross Colton and loses puck.
19:01 of 2nd period - Wrist shot by Ross Colton.
19:01 of 2nd period - Stopped by Martin Jones without a rebound.
19:02 of 2nd period - Ross Colton wins face-off versus Connor McDavid in Winnipeg Jets zone.
19:11 of 2nd period - Slapshot by Tom Wilson.
19:11 of 2nd period - Shot Misses the Net.
19:13 of 2nd period - Snap shot by Tom Wilson.
19:13 of 2nd period - Shot Misses the Net.
19:15 of 2nd period - Wrist shot by Olen Zellweger.
19:15 of 2nd period - Stopped by Petr Mrazek with a rebound.
19:17 of 2nd period - Backhand shot by Olen Zellweger.
19:17 of 2nd period - Deflect By Connor McDavid.
19:17 of 2nd period - Stopped by Petr Mrazek without a rebound.
19:18 of 2nd period - Charlie Coyle wins face-off versus Connor Bedard in Arizona Coyotes zone.
19:20 of 2nd period - Icing by Mats Zuccarello.
19:21 of 2nd period - Charlie Coyle wins face-off versus Connor Bedard in Arizona Coyotes zone.
Goals for this period are 1 for Winnipeg Jets vs 3 for Arizona Coyotes.
Shots for this period are 26 for Winnipeg Jets vs 12 for Arizona Coyotes.
3rd period
0:01 of 3rd period - Zach Parise wins face-off versus Connor McDavid in neutral zone.
0:26 of 3rd period - Ross Colton is hit by Andre Burakovsky.
0:32 of 3rd period - Snap shot by Brandon Tanev.
0:32 of 3rd period - Deflect By Ryan Donato.
0:32 of 3rd period - Stopped by Martin Jones with a rebound.
0:51 of 3rd period - Mason McTavish is hit by Barclay Goodrow and loses puck.
1:08 of 3rd period - Ridly Greig is hit by Mark Jankowski and loses puck.
1:57 of 3rd period - Brandon Tanev is hit by Jason Zucker and loses puck.
2:08 of 3rd period - Barclay Goodrow is hit by Mats Zuccarello and loses puck.
2:15 of 3rd period - Snap shot by Charlie Coyle.
2:15 of 3rd period - Stopped by Martin Jones with a rebound.
2:55 of 3rd period - Slapshot by Tyler Seguin.
2:55 of 3rd period - Shot Misses the Net.
4:17 of 3rd period - Minor Penalty to Brayden Pachal for Roughing.
4:18 of 3rd period - Charlie Coyle wins face-off versus Connor McDavid in Winnipeg Jets zone.
6:11 of 3rd period - Icing by Erik Haula.
6:12 of 3rd period - Mason McTavish wins face-off versus Jason Zucker in Arizona Coyotes zone.
6:17 of 3rd period - Penalty to Brayden Pachal is over, Brayden Pachal is back on ice.
6:45 of 3rd period - Wrist shot by Jakob Silfverberg.
6:45 of 3rd period - Deflect By Brandon Tanev.
6:45 of 3rd period - Stopped by Martin Jones with a rebound.
7:06 of 3rd period - Zach Parise is hit by Olli Maatta and loses puck.
7:19 of 3rd period - Connor Bedard is hit by Johnathan Kovacevic.
7:41 of 3rd period - Snap shot by Andre Burakovsky.
7:41 of 3rd period - Stopped by Petr Mrazek without a rebound.
7:42 of 3rd period - Charlie Coyle wins face-off versus Connor McDavid in Arizona Coyotes zone.
7:50 of 3rd period - Minor Penalty to Tom Wilson for Goalie Interference.
7:51 of 3rd period - Charlie Coyle wins face-off versus Alexis Lafreniere in Winnipeg Jets zone.
7:57 of 3rd period - Slapshot by Charlie Coyle.
7:57 of 3rd period - Stopped by Martin Jones without a rebound.
7:58 of 3rd period - Charlie Coyle wins face-off versus Alexis Lafreniere in Winnipeg Jets zone.
8:03 of 3rd period - Wrist shot by Tyler Seguin.
8:03 of 3rd period - Goal by Tyler Seguin - Winnipeg Jets : 1 - Arizona Coyotes : 4.
8:04 of 3rd period - Connor McDavid wins face-off versus Charlie Coyle in neutral zone.
8:13 of 3rd period - Slapshot by Connor McDavid.
8:13 of 3rd period - Shot Misses the Net.
8:38 of 3rd period - Slapshot by Adam Lowry.
8:38 of 3rd period - Shot Hit the Post.
8:58 of 3rd period - Snap shot by Connor Bedard.
8:58 of 3rd period - Stopped by Petr Mrazek without a rebound.
8:59 of 3rd period - Connor McDavid wins face-off versus Charlie Coyle in Arizona Coyotes zone.
9:46 of 3rd period - Icing by Ryan Donato.
9:47 of 3rd period - Adam Lowry wins face-off versus Ross Colton in Arizona Coyotes zone.
9:50 of 3rd period - Wrist shot by Adam Lowry.
9:50 of 3rd period - Shot Blocked by Radko Gudas.
9:58 of 3rd period - Slapshot by Radko Gudas.
9:58 of 3rd period - Shot Blocked by Brayden Pachal.
10:00 of 3rd period - Backhand shot by Radko Gudas.
10:00 of 3rd period - Shot Misses the Net.
10:02 of 3rd period - Snap shot by Brayden McNabb.
10:02 of 3rd period - Shot Misses the Net.
11:17 of 3rd period - Wrist shot by Alexis Lafreniere.
11:17 of 3rd period - Stopped by Petr Mrazek without a rebound.
11:18 of 3rd period - Ross Colton wins face-off versus Tom Wilson in Arizona Coyotes zone.
11:18 of 3rd period - Ross Colton is hit by Tom Wilson.
12:52 of 3rd period - Wrist shot by Ross Colton.
12:52 of 3rd period - Stopped by Martin Jones without a rebound.
12:53 of 3rd period - Connor Bedard wins face-off versus Mason McTavish in Winnipeg Jets zone.
12:53 of 3rd period - Connor Bedard is hit by Mason McTavish.
12:56 of 3rd period - Minor Penalty to Jason Zucker for Hooking.
12:57 of 3rd period - Sam Steel wins face-off versus Charlie Coyle in Winnipeg Jets zone.
13:09 of 3rd period - Snap shot by Charlie Coyle.
13:09 of 3rd period - Stopped by Martin Jones with a rebound.
13:11 of 3rd period - Snap shot by Tyler Seguin.
13:11 of 3rd period - Shot Blocked by Dylan Samberg.
13:13 of 3rd period - Snap shot by Mats Zuccarello.
13:13 of 3rd period - Shot Blocked by Dylan Samberg.
14:13 of 3rd period - Adam Lowry is hit by Mats Zuccarello and loses puck.
14:56 of 3rd period - Penalty to Jason Zucker is over, Jason Zucker is back on ice.
15:33 of 3rd period - Off-side.
15:34 of 3rd period - Mark Jankowski wins face-off versus Connor Bedard in neutral zone.
15:59 of 3rd period - Jared Spurgeon is hit by Mason Appleton and loses puck.
16:06 of 3rd period - Barclay Goodrow is hit by Ross Colton.
16:27 of 3rd period - Minor Penalty to Joel Armia for Hooking.
16:28 of 3rd period - Connor McDavid wins face-off versus Brandon Tanev in Winnipeg Jets zone.
17:34 of 3rd period - Jani Hakanpaa is hit by Alexis Lafreniere and loses puck.
18:01 of 3rd period - Mats Zuccarello is hit by Alexis Lafreniere and loses puck.
18:27 of 3rd period - Penalty to Joel Armia is over, Joel Armia is back on ice.
18:39 of 3rd period - Snap shot by Ondrej Palat.
18:39 of 3rd period - Shot Blocked by Jason Zucker.
18:41 of 3rd period - Wrist shot by Jakob Silfverberg.
18:41 of 3rd period - Deflect By Mark Jankowski.
18:41 of 3rd period - Stopped by Martin Jones with a rebound.
18:58 of 3rd period - Wrist shot by Joel Armia.
18:58 of 3rd period - Stopped by Petr Mrazek with a rebound.
19:00 of 3rd period - Slapshot by Brayden Pachal.
19:00 of 3rd period - Stopped by Petr Mrazek without a rebound.
19:01 of 3rd period - Adam Lowry wins face-off versus Ross Colton in Arizona Coyotes zone.
19:02 of 3rd period - Wrist shot by Mason Appleton.
19:02 of 3rd period - Shot Misses the Net.
19:26 of 3rd period - Snap shot by Erik Haula.
19:26 of 3rd period - Stopped by Martin Jones with a rebound.
19:32 of 3rd period - Minor Penalty to Olli Maatta for Hooking.
19:33 of 3rd period - Charlie Coyle wins face-off versus Alexis Lafreniere in Winnipeg Jets zone.
19:40 of 3rd period - Slapshot by Mats Zuccarello.
19:40 of 3rd period - Shot Blocked by Dylan Samberg.
19:42 of 3rd period - Snap shot by Mats Zuccarello.
19:42 of 3rd period - Goal by Mats Zuccarello - Winnipeg Jets : 1 - Arizona Coyotes : 5.
19:43 of 3rd period - Connor Bedard wins face-off versus Charlie Coyle in neutral zone.
19:45 of 3rd period - Brayden McNabb and Andre Burakovsky fight to a draw.
19:45 of 3rd period - Penalty to Brayden McNabb for Fighting.
19:45 of 3rd period - Penalty to Andre Burakovsky for Fighting.
19:46 of 3rd period - Connor Bedard wins face-off versus Charlie Coyle in Arizona Coyotes zone.
19:47 of 3rd period - Wrist shot by Jason Zucker.
19:47 of 3rd period - Shot Blocked by Charlie Coyle.
19:55 of 3rd period - Slapshot by Jason Zucker.
19:55 of 3rd period - Stopped by Petr Mrazek with a rebound.
19:57 of 3rd period - Snap shot by Connor Bedard.
19:57 of 3rd period - Stopped by Petr Mrazek without a rebound.
19:58 of 3rd period - Charlie Coyle wins face-off versus Connor Bedard in Arizona Coyotes zone.
19:58 of 3rd period - Charlie Coyle is hit by Olli Maatta.
Goals for this period are 0 for Winnipeg Jets vs 2 for Arizona Coyotes.
Shots for this period are 7 for Winnipeg Jets vs 10 for Arizona Coyotes.
Back to the Top